 Dungeon Crawl Stone Soup version 0.30.1-3-gfc49f6343a (webtiles) character file.

Game seed: 15229233578581237783

310 Jerry the Covered (level 6, 0/55 HPs)
             Began as an Armataur Fighter on Aug 8, 2023.
             Succumbed to an orc priest's poison
             ... on level 2 of the Dungeon.
             The game lasted 00:05:05 (2251 turns).

Jerry the Covered (Armataur Fighter)                Turns: 2251, Time: 00:05:05

Health: 0/55       AC:  9    Str: 22    XL:     6   Next: 17%
Magic:  6/6        EV:  7    Int: 10    God:
Gold:   132        SH:  4    Dex:  9    Spells: 5/5 levels left

rFire   . . .        a - +1 flail
rCold   . . .        c - +0 buckler
rNeg    . . .        b - +0 scale mail
rPois   .            (no helmet)
rElec   .            (no cloak)
rCorr   .            m - +1 pair of gloves
SInv    .            (no barding)
Will    .....        (no amulet) Stlth
                     (no ring)
HPRegen 0.29/turn    (no ring)
MPRegen 0.10/turn

%: roll
@: lethally poisoned (0 -> -1)
A: large, rugged brown scales 3, deformed body, armoured tail, roll, long
tongue, awkward tongue
a: no special abilities


You were on level 2 of the Dungeon.
You visited 1 branch of the dungeon, and saw 3 of its levels.

You collected 132 gold pieces.

Inventory:

Hand Weapons
 a - a +1 flail (weapon)
Missiles
 l - 10 poisoned darts (quivered)
 r - 3 curare-tipped darts
Armour
 b - a +0 scale mail (worn)
 c - a +0 buckler (worn)
 m - a +1 pair of gloves (worn)
Scrolls
 h - a scroll of amnesia {unknown}
 j - a scroll of teleportation
 n - a scroll of poison {unknown}
Potions
 d - a potion of might
 e - 2 potions of curing
 f - a potion of flight
 g - a potion of cancellation {unknown}
 i - a potion of resistance {unknown}
 k - a potion of attraction {unknown}
 p - a potion of brilliance {unknown}


   Skills:
 + Level 3.9 Fighting
 + Level 3.3 Maces & Flails
 + Level 5.2 Armour
 + Level 4.8 Shields


You had 5 spell levels left.
You didn't know any spells.
Your spell library contained the following spells:

 Spells                   Type           Power      Damage    Failure   Level
 Apportation              Tloc           0%         N/A       75%         1
 Necrotise                Necr           0%         1d4       75%         1
 Sandblast                Erth           0%         2d4       75%         1
 Summon Small Mammal      Summ           0%         N/A       75%         1
 Ensorcelled Hibernation  Hex/Ice        0%         N/A       86%         2
 Passwall                 Tmut/Erth      0%         N/A       86%         2
 Spider Form              Tmut/Pois      0%         N/A       98%         3
 Stone Arrow              Conj/Erth      0%         3d7       98%         3
 Tukima's Dance           Hex            0%         N/A       98%         3
 Anguish                  Hex/Necr       0%         N/A       100%        4
 Passage of Golubria      Tloc           0%         N/A       100%        4
 Yara's Violent Unravell  Hex/Tmut       0%         3d3       100%        5


Dungeon Overview and Level Annotations

Branches:
Dungeon (3/15)

Altars:
Cheibriados
Kikubaaqudgha
Xom
Zin


Innate Abilities, Weirdness & Mutations

You are completely covered in rugged brown scales. (AC +3, +7% HP)
Armour fits poorly on your strangely shaped body.
You have a long armoured tail.
You roll when moving toward enemies. (Rampage)
Your long tongue fully drains potion bottles. (2x potion effects)
Your tongue gives you trouble enunciating. (1.5x scroll delay)


Message History

The orc hits you but does no damage. x2
An orc comes into view. It is wielding a +0 club.
The orc hits you with a +0 club. The orc hits you but does no damage.
The orc priest hits you with a +0 war axe of venom!
You are more poisoned.
The orc shouts!
You hit the orc priest but do no damage.
The orc priest is moderately wounded.
You feel extremely sick.
The orc priest hits you with a +0 war axe of venom!
You are lethally poisoned!
The orc barely misses you. The orc closely misses you.
You thump the orc priest!
You kill the orc priest!
You feel extremely sick. The orc barely misses you.
The orc hits you but does no damage.
* * * LOW HITPOINT WARNING * * *
You feel very sick.
* * * LOW HITPOINT WARNING * * *
You feel very sick. The orc attacks as you move away!
The orc barely misses you.
* * * LOW HITPOINT WARNING * * *
You feel very sick.
* * * LOW HITPOINT WARNING * * *
You feel sick. The orc attacks as you move away!
The orc hits you but does no damage.
* * * LOW HITPOINT WARNING * * *
You feel sick.
* * * LOW HITPOINT WARNING * * *
You feel sick.
* * * LOW HITPOINT WARNING * * *
You feel sick.
There is a stone staircase leading up here.
* * * LOW HITPOINT WARNING * * *
You feel sick. The orc hits you but does no damage.
You climb upwards.
* * * LOW HITPOINT WARNING * * *
You feel sick.
There is a stone staircase leading down here.
You die...

########### #.........####
#.#####..o...######### #.#
#.#>##.#.......# #.#
###.#@##.#.#...#.##### #.#
#......#.....#........ #.#
#.#.#..........#.###.#
#.###.#.#.##....####..##.#
#.#...#.#.##.#.........#.#
#.........##.#.####......#
###.###.....[#.# ##...###
#.# ########'## #......
#.# ##...## ##.####


You could see an orc.

Vanquished Creatures
  Grinder (D:3)
  An orc priest (D:3)
  An iguana (D:3)
  2 dart slugs
  An orc (D:3)
  5 bats
  5 endoplasms
  A giant cockroach (D:2)
  3 goblins
  4 hobgoblins
  4 jackals (D:2)
  7 kobolds
  2 quokkas
  3 ball pythons
  A frilled lizard (D:2)
  5 rats
46 creatures vanquished.

Notes
Turn   | Place    | Note
-------+----------+-------------------------------------------
     0 | D:1      | Jerry the Armataur Fighter began the quest for the Orb.
     0 | D:1      | Reached XP level 1. HP: 19/19 MP: 1/1
   187 | D:1      | Reached XP level 2. HP: 26/26 MP: 2/2
   921 | D:2      | Reached skill level 4 in Armour
   995 | D:2      | Reached XP level 3. HP: 31/33 MP: 3/3
  1386 | D:2      | Found a shimmering altar of Xom.
  1679 | D:3      | Found a glowing silver altar of Zin.
  1679 | D:3      | Found an ancient bone altar of Kikubaaqudgha.
  1679 | D:3      | Found a snail-covered altar of Cheibriados.
  1840 | D:3      | Found a faded altar of an unknown god.
  1966 | D:3      | Reached XP level 4. HP: 25/40 MP: 4/4
  2073 | D:3      | Noticed Grinder
  2073 | D:3      | Paralysed by Grinder for 4 turns
  2086 | D:3      | Killed Grinder
  2087 | D:3      | Reached skill level 5 in Armour
  2087 | D:3      | Reached XP level 5. HP: 40/49 MP: 5/5
  2087 | D:3      | Reached XP level 6. HP: 44/55 MP: 6/6
  2249 | D:3      | HP: 2/55 [poisoned by an orc priest]
  2251 | D:2      | Succumbed to an orc priest's poison

Illustrated notes

Levels and vault maps discovered:
D:1:      sevenhm_arrival_forest_fort_large_2, layout_loops_ring
D:2:      layout_loops_corners, basic_altar
D:3:      layout_basic, chequers_temple_overflow_statue_of_worship,
          ebering_ecumenical_altar_petrified, st_stairs_12, uniq_grinder

Skill      XL: |  1  2  3  4 |
---------------+-------------+-----
Maces & Flails | 2 3 |  3.3
Armour         | 4 5 |  5.2
Fighting       | 3 |  3.9
Shields        | 4 |  4.8

Action                     |  1- 3 |  4- 6 || total
---------------------------+-------+-------++-------
  Melee: Flail             |   104 |    13 ||   117
         Tailslap          |     8 |     2 ||    10
  Throw: Dart              |     1 |     3 ||     4
    Use: Scroll            |     8 |       ||     8
         Potion            |       |     1 ||     1
 Armour: Scale mail        |    62 |    10 ||    72
  Dodge: Dodged            |    39 |     6 ||    45
  Block: Buckler           |    33 |     2 ||    35
